 Dungeon Crawl Stone Soup version 0.28-a0-1493-g08698888e4 (webtiles) character file.

Game seed: 11382141389854426913

41 horus123 the Conjurer (level 3, -4/19 HPs)
             Began as a Deep Elf Conjurer on Jan 12, 2022.
             Slain by Sigmund (13 damage)
             ... on level 2 of the Dungeon.
             The game lasted 00:03:32 (993 turns).

horus123 the Conjurer (Deep Elf Conjurer)            Turns: 993, Time: 00:03:32

Health: -4/19      AC:  4    Str:  4    XL:     3   Next: 32%
Magic:  1/10       EV: 12    Int: 24    God:
Gold:   27         SH:  0    Dex: 13    Spells: 5/10 levels left

rFire   . . .      SeeInvis .   (no weapon)
rCold   . . .      Faith    .   (no shield)
rNeg    . . .      Spirit   .   a - +2 robe
rPois   .          Reflect  .   (no helmet)
rElec   .          Harm     .   (no cloak)
rCorr   .          Rampage  .   (no gloves)
Will    .....                   (no boots)
Stlth   ++........              (no amulet)
HPRegen 0.06/turn               (no ring)
MPRegen 0.12/turn               (no ring)

@: no status effects
A: no striking features
a: no special abilities


You were on level 2 of the Dungeon.
You visited 1 branch of the dungeon, and saw 2 of its levels.

You collected 27 gold pieces.

Inventory:

Armour
 a - a +2 robe (worn)
 c - a +1 pair of gloves


   Skills:
 - Level 2.4 Dodging
 - Level 2.4 Stealth
 - Level 4.0 Spellcasting
 - Level 5.2 Conjurations


You had 5 spell levels left.
You knew the following spells:

 Your Spells              Type           Power      Damage    Failure   Level
a - Magic Dart            Conj           100%       1d8       1%          1
b - Searing Ray           Conj           60%        2d6       1%          2
c - Sublimation of Blood  Necr           4%         N/A       14%         2

Your spell library contained the following spells:

 Spells                   Type           Power      Damage    Failure   Level
 Dazzling Flash           Conj/Hex       34%        N/A       10%         3
 Wereblood                Tmut           4%         N/A       14%         2
 Fulminant Prism          Conj/Hex       8%         3d7       32%         4
 Iskenderun's Mystic Bla  Conj/Tloc      17%        2d5       32%         4
 Summon Hydra             Summ           2%         N/A       100%        7


Dungeon Overview and Level Annotations

Branches:
Dungeon (2/15)

Altars:

Annotations:
D:2 Sigmund


Message History

HP restored.
Memorise Searing Ray, consuming 2 spell levels and leaving 7?
You start memorising the spell.
You continue memorising. x2
You finish memorising.
Spell assigned to 'b'.
Memorise Sublimation of Blood, consuming 2 spell levels and leaving 5?
You start memorising the spell.
You continue memorising. x2
You finish memorising.
Spell assigned to 'c'.
You climb downwards.
Level annotation: Sigmund
There is a stone staircase leading up here.
Casting: Magic Dart (safe; 1% risk of failure)
Confirm with . or Enter, or press ? or * to list all spells.
Aiming: Searing Ray (safe; 1% risk of failure)
Press: ? - help, Shift-Dir - straight line, f - Sigmund
Aim: Sigmund, wielding a +0 scythe and wearing a +0 robe (77% to hit)
The searing ray hits Sigmund!
Sigmund is moderately wounded. (Press . to maintain the ray.)
The searing ray misses Sigmund.
Sigmund closely misses you.
The searing ray hits Sigmund!
Sigmund is heavily wounded.
The searing ray hits Sigmund.
Sigmund is severely wounded.
You finish channelling your searing ray.
Sigmund misses you.
Casting: Searing Ray (safe; 1% risk of failure)
Confirm with . or Enter, or press ? or * to list all spells.
Aiming: Searing Ray (safe; 1% risk of failure)
Press: ? - help, Shift-Dir - straight line, f/p - Sigmund
Aim: Sigmund, wielding a +0 scythe and wearing a +0 robe (severely wounded, 77% to hit)
The searing ray misses Sigmund. (Press . to maintain the ray.) Sigmund hits you from afar with a +0 scythe!
Ouch! That really hurt!
The searing ray hits Sigmund!
Sigmund is almost dead.
The searing ray misses Sigmund.
Sigmund hits you from afar with a +0 scythe!
Ouch! That really hurt!
You die...

######################
#.....>...............
#.####...............#
#............@.....#
#.##...............#
#.......#+##########
#....@#.#.####
#.##.#...........
#....@#.#.#.#####
#####.#.#.#... #.#.#.#
##. #.#.#.# # #...#.#
#####.# .#


You could see Sigmund.

Vanquished Creatures
  An adder (D:2)
  3 dart slugs (D:1)
  2 endoplasms (D:2)
  3 goblins (D:1)
  4 hobgoblins (D:1)
  A quokka (D:1)
  2 ball pythons
  A bat (D:1)
  4 frilled lizards (D:1)
  2 kobolds
  3 rats
26 creatures vanquished.

Vanquished Creatures (others)
  3 withered plants (D:1)
3 creatures vanquished.

Grand Total: 29 creatures vanquished

Notes
Turn   | Place    | Note
-------+----------+-------------------------------------------
     0 | D:1      | horus123 the Deep Elf Conjurer began the quest for the Orb.
     0 | D:1      | Reached XP level 1. HP: 10/10 MP: 6/6
    89 | D:1      | Found a faded altar of an unknown god.
   193 | D:1      | Reached XP level 2. HP: 15/15 MP: 3/9
   827 | D:2      | Reached skill level 5 in Conjurations
   834 | D:2      | Reached XP level 3. HP: 19/19 MP: 6/10
   898 | D:2      | Noticed Sigmund
   982 | D:1      | Learned a level 2 spell: Searing Ray
   985 | D:1      | Learned a level 2 spell: Sublimation of Blood
   993 | D:2      | Slain by Sigmund

Illustrated notes

Levels and vault maps discovered:
D:1:      ebering_trefoil_3fold, layout_rooms,
          ebering_ecumenical_altar_petrified
D:2:      layout_basic, uniq_sigmund

Skill      XL: |  1  2 |
---------------+-------+-----
Spellcasting   | 4 |  4.0
Conjurations   | 5 |  5.2
Dodging        | |  2.4
Stealth        | |  2.4

Action                   || total
-------------------------++-------
 Cast: Magic Dart        ||    55
       Searing Ray       ||     2
  Use: Scroll            ||     5
Armor: Robe              ||     2
Dodge: Dodged            ||     3

Table legend: (Time is in decaauts)
 A = Elapsed time spent in this place.
 B = Non-inter-level travel time spent in this place.
 C = Inter-level travel time spent in this place.
 D = Time resting spent in this place.
 E = Time spent auto-exploring this place.
 F = Levels seen in this place.
 G = Mean time per level.
                   A        B        C        D        E       F      G
               +--------+--------+--------+--------+--------+-----+--------+
         Total |    993 |    974 |     19 |     57 |    761 |   2 |  496.5 |
       Dungeon |    993 |    974 |     19 |     57 |    761 |   2 |  496.5 |
               +--------+--------+--------+--------+--------+-----+--------+

Top non-repeatable levels by time:
     D:1: 890 daAuts
     D:2: 103 daAuts
